 Dungeon Crawl Stone Soup version 0.29-a0-344-ge2f44be95a (webtiles) character file.

Game seed: 17416448197856827549

19238 Shayle the Nimble (level 12, -9/75 HPs)
             Began as a Tengu Brigand on Apr 21, 2022.
             Was an Initiate of Ashenzari.
             Mangled by a gargoyle
             ... wielding a +0 flail
              (14 damage)
             ... in a volcano.
             The game lasted 00:49:13 (11064 turns).

Shayle the Nimble (Tengu Brigand)                  Turns: 11064, Time: 00:49:16

Health: -9/75      AC: 12    Str: 11    XL:     12   Next: 66%
Magic:  19/19      EV:  9    Int: 15    God:    Ashenzari [......]
Gold:   742        SH:  0    Dex: 18    Spells: 11/20 levels left

rFire   + . .      SeeInvis .   g - +8 quick blade
rCold   . . .      Faith    .   (no shield)
rNeg    . . .      Spirit   .   w - +2 chain mail {rF+}
rPois   .          Reflect  .   (helmet restricted)
rElec   .          Harm     .   c - +0 cloak
rCorr   +          Rampage  .   r - +0 pair of gloves
Will    .....                   (boots unavailable)
Stlth   +.........              f - amulet of Ashenzari's Relativism {Acrobat, Alch, Comp} (curse)
HPRegen 0.22/turn               n - ring of resist corrosion
MPRegen 0.16/turn               (no ring)

@: flying quickly and evasively, quick
A: beak, talons 3, nimble flight
a: Renounce Religion, Curse Item, Shatter the Chains


You were in a volcano.
You worshipped Ashenzari.
Ashenzari was noncommittal.
You visited 3 branches of the dungeon, and saw 11 of its levels.
You also visited: Bailey and Volcano.

You collected 742 gold pieces.

Inventory:

Hand Weapons
 a - a +2 dagger of freezing
 g - a +8 quick blade (weapon)
 x - a +2 war axe of flaming
 z - a +1 dagger of speed
 B - a +1 scimitar of flaming
Missiles
 d - 27 poisoned darts
 H - a throwing net
 O - a curare-tipped dart (quivered)
Armour
 b - a +0 robe
 c - a +0 cloak (worn)
 r - a +0 pair of gloves (worn)
 t - a +0 ring mail
 w - a +2 chain mail of fire resistance (worn)
 F - a +4 chain mail of poison resistance
 G - +2 swamp dragon scales
Magical Staves
 L - a staff of earth
Jewellery
 f - the cursed amulet of Ashenzari's Relativism (around neck) {Acrobat, Alch, Comp}
   (You found it on level 1 of the Dungeon)

   [amulet of the acrobat]

   It increases your evasion while moving and waiting.
   It has a curse which improves the following skills: Alchemy: Poison Magic and
   Transmutations.
   Companions: Summonings and Necromancy.
 n - a ring of resist corrosion (left hand)
Wands
 m - a wand of acid (3)
 q - a wand of flame (14)
 y - a wand of paralysis (8)
 I - a wand of iceblast (8)
 K - a wand of mindburst (9)
Scrolls
 h - a scroll of magic mapping
 j - a scroll of immolation
 l - 2 scrolls of teleportation
 u - a scroll of amnesia
 M - a scroll of fog
Potions
 e - 2 potions of magic
 k - 3 potions of brilliance
 o - a potion of berserk rage
 p - a potion of degeneration {unknown}
 s - 2 potions of attraction
 v - a potion of haste {unknown}
 A - 2 potions of curing
 C - a potion of ambrosia {unknown}
 D - 2 potions of cancellation
 E - 2 potions of mutation {unknown}
 N - a potion of invisibility {unknown}


   Skills:
 + Level 8.7 Fighting
 - Level 8.0 Short Blades
 - Level 2.0 Throwing
 + Level 10.4 Dodging
 + Level 7.2 Stealth
 - Level 4.5 Spellcasting
 - Level 3.7 Conjurations
 + Level 6.3(6.7) Necromancy
 + Level 4.5(4.9) Transmutations
 + Level 6.0 Ice Magic
 + Level 5.4(5.8) Poison Magic


You had 11 spell levels left.
You knew the following spells:

 Your Spells              Type           Power      Damage    Failure   Level
a - Freeze                Ice            84%        1d10      67%         1
b - Frozen Ramparts       Ice            42%        1d6       95%         3
c - Vampiric Draining     Necr           23%        2d7       90%         3
d - Ensorcelled Hibernat  Hex/Ice        24%        N/A       99%         2

Your spell library contained the following spells:

 Spells                   Type           Power      Damage    Failure   Level
 Animate Skeleton         Necr           46%        N/A       56%         1
 Pain                     Necr           92%        1d8       56%         1
 Passwall                 Tmut/Erth      8%         N/A       99%         2
 Static Discharge         Conj/Air       9%         N/A       100%        2
 Swiftness                Air            3%         N/A       100%        3
 Hailstorm                Conj/Ice       18%        3d6       100%        4
 Lightning Bolt           Conj/Air       4%         1d16      100%        5
 Maxwell's Capacitive Co  Air            1%         ∞         100%        8


Dungeon Overview and Level Annotations

Branches:
Dungeon (9/15)             Temple (1/1) D:6            Lair (1/6) D:8
    Orc (0/2) D:9          Bailey (visited)         Volcano (1/1)

Altars:
Ashenzari
Cheibriados
Dithmenos
Elyvilon
Gozag
Hepliaklqana
Kikubaaqudgha
Makhleb
Nemelex Xobeh
Qazlal
Ru
Sif Muna
Trog
Uskayaw
Vehumet
Wu Jian
Xom
Yredelemnul
Zin
The Shining One
Lugonu

Shops:
D:3 *=   D:6 *


Innate Abilities, Weirdness & Mutations

You have a beak for a mouth.
You have claws for feet.
Your magical nature lets you fly swiftly and evasively.


Message History

You hit the gargoyle but do no damage. You claw the gargoyle.
You peck the gargoyle, but do no damage.
The gargoyle is moderately damaged.
Unknown command.
You feel much better. The gargoyle barely misses you.
You hit the gargoyle.
The gargoyle is moderately damaged.
You hit the gargoyle but do no damage.
You claw the gargoyle, but do no damage.
You peck the gargoyle, but do no damage.
The gargoyle is moderately damaged.
The gargoyle barely misses you.
Aiming: Corrosive Bolt
Press: ? - help, Shift-Dir - straight line, f - gargoyle
Aim: a gargoyle, wielding a +0 flail (moderately damaged, 86% to hit)
The bolt of acid hits the gargoyle!
The gargoyle is severely damaged.
The gargoyle hits you with a +0 flail!
That's the wrong kind of item! (Use * to select it.) Evoke which item? (* to show all) (? for menu, Esc to quit)
Aiming: Mindburst
Press: ? - help, Shift-Dir - straight line, f/p - gargoyle
Aim: a gargoyle, wielding a +0 flail (severely damaged, chance to affect: 47%)
The gargoyle resists with some effort.
The gargoyle hits you with a +0 flail!
Aiming: Mindburst
Press: ? - help, Shift-Dir - straight line, f/p - gargoyle
Aim: a gargoyle, wielding a +0 flail (severely damaged, chance to affect: 47%)
The gargoyle resists with some effort.
The gargoyle hurls a stone arrow at you.
The stone arrow hits you!
* * * LOW HITPOINT WARNING * * *
You feel much better. The gargoyle hits you with a +0 flail!
* * * LOW HITPOINT WARNING * * *
Aiming: Corrosive Bolt
Press: ? - help, Shift-Dir - straight line, f/p - gargoyle
Aim: a gargoyle, wielding a +0 flail (severely damaged, 86% to hit)
The bolt of acid hits the gargoyle but does no damage.
The gargoyle is severely damaged.
The gargoyle hits you with a +0 flail!
You die...

§§≈≈≈≈§§≈§≈§≈§≈≈§≈§§§§
§§§≈≈≈≈§§≈§≈≈≈≈§≈§§§§≈
§≈≈§§§≈≈≈≈≈≈.≈≈§§≈≈≈§≈
.....§.........§§≈≈§§§
#######'########.≈§§§§
..#.#......#.§≈§§§
#.#.#.#)[..#.§≈§§≈ §≈
#9#.#.#....#.≈§§§§ ≈§ §§
#@#.#)#.[..# ≈ §
≈§§.######.#.#.######.≈§
≈
§≈≈.#......#.#......#.§§
§ ≈≈.###''###)###''###.≈
≈≈ #....#.))).#....# ≈§
#.∩..#.8_8.#..∩.# § §§
#...)'.....')...# ≈≈ §§
#################§§≈ §≈
§≈ ≈§≈≈
≈......§.§.........§≈≈≈≈


You could see a gargoyle.

Vanquished Creatures
  An orc warlord (Bailey)
  Erica (D:8)
  A centaur warrior (Volcano)
  A hell knight (Volcano)
  A lindwurm (Lair:1)
  Pikel (D:6)
  An orc knight (Bailey)
  A molten gargoyle (Volcano)
  Maggie (D:7)
  A cane toad (Lair:1)
  2 yaktaurs (Volcano)
  A hornet (D:8)
  Grinder (D:5)
  Prince Ribbit (D:5)
  A wyvern (D:8)
  Eustachio (D:6)
  6 yaks
  Menkaure (D:4)
  2 water moccasins (Lair:1)
  12 orc warriors
  Duvessa (D:5)
  5 sky beasts
  An ice beast (D:6)
  2 black bears
  2 ogres
  A wolf (D:8)
  8 centaurs
  2 lemures (D:7)
  A phantom (D:7)
  Blork the orc (D:5)
  3 bullfrogs
  4 scorpions
  6 wights
  Dowan (D:5)
  6 killer bees (D:7)
  A howler monkey (D:6)
  A jelly (D:6)
  6 lava snakes (Volcano)
  2 orc priests (D:8)
  Crazy Yiuf (D:7)
  A gnoll shaman (D:6)
  3 iguanas
  3 orc wizards
  4 adders
  16 gnolls
  2 shadow imps
  A white imp (D:5)
  3 ufetubi
  2 worms
  2 dart slugs
  29 orcs
  3 bats
  8 endoplasms
  2 giant cockroaches
  21 goblins
  17 hobgoblins
  7 quokkas
  2 training dummies (D:5)
  12 ball pythons
  2 frilled lizards (D:1)
  8 kobolds
  3 rats
244 creatures vanquished.

Vanquished Creatures (collateral kills)
  An ufetubus (D:6)
  A hobgoblin (Bailey)
2 creatures vanquished.

Vanquished Creatures (others)
  A sky beast (D:6)
  2 iguanas (D:6)
  2 goblins (D:9)
  5 fungi
  A plant (Lair:1)
11 creatures vanquished.

Grand Total: 257 creatures vanquished

Notes
Turn   | Place    | Note
-------+----------+-------------------------------------------
     0 | D:1      | Shayle the Tengu Brigand began the quest for the Orb.
     0 | D:1      | Reached XP level 1. HP: 12/12 MP: 2/2
    93 | D:1      | Found a faded altar of an unknown god.
   173 | D:1      | Reached XP level 2. HP: 16/17 MP: 3/3
   898 | D:2      | Reached skill level 2 in Dodging
   898 | D:2      | Reached XP level 3. HP: 22/22 MP: 4/4
  1021 | D:2      | Noticed an ogre
  1201 | D:2      | Killed an ogre
  1202 | D:2      | Reached skill level 3 in Dodging
  1202 | D:2      | Reached skill level 5 in Stealth
  1202 | D:2      | Reached XP level 4. HP: 19/28 MP: 5/5
  1202 | D:2      | Gained mutation: Your magical nature lets you fly swiftly
                  | and evasively. [Tengu growth]
  1202 | D:2      | Reached XP level 5. HP: 22/32 MP: 6/6
  1983 | D:3      | Found Gozag's Platinum Reserve.
  1986 | D:3      | Found an opulent altar of Gozag.
  2004 | D:3      | Found Nihoon's Jewellery Shop.
  2204 | D:3      | Reached XP level 6. HP: 24/38 MP: 7/7
  3277 | D:4      | Reached skill level 4 in Dodging
  3373 | D:4      | Learned a level 1 spell: Freeze
  3414 | D:4      | Noticed Menkaure
  3420 | D:4      | Killed Menkaure
  3421 | D:4      | Reached XP level 7. HP: 44/44 MP: 8/8
  3753 | D:4      | Found an ornate altar of the Wu Jian Council.
  3753 | D:4      | Found a shimmering altar of Xom.
  3861 | D:5      | Entered Level 5 of the Dungeon
  4066 | D:5      | Noticed Grinder
  4079 | D:5      | Killed Grinder
  4080 | D:5      | Reached skill level 5 in Fighting
  4080 | D:5      | Reached skill level 5 in Dodging
  4175 | D:5      | Found a basalt altar of Yredelemnul.
  4198 | D:5      | Noticed Blork the orc
  4234 | D:5      | Killed Blork the orc
  4269 | D:5      | Reached XP level 8. HP: 10/50 MP: 9/9
  4688 | D:5      | Found a shadowy altar of Dithmenos.
  4898 | D:5      | Noticed Duvessa
  4898 | D:5      | Noticed Dowan
  4927 | D:5      | Killed Duvessa
  4937 | D:5      | Killed Dowan
  4938 | D:5      | Reached skill level 1 in Spellcasting
  4938 | D:5      | Reached skill level 1 in Ice Magic
  5060 | D:5      | Reached skill level 6 in Dodging
  5069 | D:5      | Found a hazy altar of Hepliaklqana.
  5111 | D:6      | Noticed Prince Ribbit
  5248 | D:5      | Killed Prince Ribbit
  5379 | D:6      | Found a glowing silver altar of Zin.
  5379 | D:6      | Found Zin's Purification Station.
  5394 | D:6      | Noticed Eustachio
  5444 | D:6      | Killed Eustachio
  5703 | D:6      | Identified a scroll of acquirement
  5703 | D:6      | Acquired a +6 quick blade
  5754 | D:6      | Reached XP level 9. HP: 44/56 MP: 13/13
  5847 | D:6      | Found a snail-covered altar of Cheibriados.
  6160 | D:6      | Found a staircase to the Ecumenical Temple.
  6168 | Temple   | Entered the Ecumenical Temple
  6185 | Temple   | Became a worshipper of Ashenzari the Shackled
  6222 | D:6      | Reached skill level 7 in Dodging
  6455 | D:6      | Found a shimmering blue altar of Sif Muna.
  6867 | D:7      | Learned a level 3 spell: Frozen Ramparts
  6907 | D:7      | Found a glowing golden altar of the Shining One.
  6918 | D:7      | Paralysed by a wight for 6 turns
  7106 | D:7      | Noticed Pikel
  7248 | D:7      | Noticed Maggie
  7260 | D:7      | Killed Maggie
  7261 | D:7      | Reached skill level 1 in Necromancy
  7261 | D:7      | Reached skill level 1 in Poison Magic
  7261 | D:7      | Reached XP level 10. HP: 24/63 MP: 17/17
  7494 | D:6      | Killed Pikel
  7495 | D:6      | Reached skill level 1 in Transmutations
  7836 | D:7      | Reached skill level 5 in Short Blades
  7866 | D:7      | Found a runed translucent door.
  7867 | D:7      | Noticed Crazy Yiuf
  7975 | D:7      | Killed Crazy Yiuf
  8010 | D:7      | Learned a level 3 spell: Vampiric Draining
  8021 | D:8      | Reached skill level 8 in Dodging
  8165 | D:8      | Found a radiant altar of Vehumet.
  8212 | D:8      | Found a staircase to the Lair.
  8446 | D:8      | Noticed Erica
  8447 | D:8      | Found a stormy altar of Qazlal.
  8455 | D:9      | Found a burning altar of Makhleb.
  8479 | D:9      | Found a flagged portal.
  8501 | Bailey   | Entered a bailey
  8540 | Bailey   | Learned a level 2 spell: Ensorcelled Hibernation
  9048 | Bailey   | Noticed an orc warlord
  9052 | Bailey   | Noticed an orc knight
  9057 | Bailey   | HP: 1/96 [orc warlord/+0 long sword of freezing (21)]
  9077 | Bailey   | Killed an orc warlord
  9078 | Bailey   | Reached skill level 5 in Ice Magic
  9078 | Bailey   | Reached XP level 11. HP: 35/68 MP: 18/18
  9325 | Bailey   | Killed an orc knight
  9328 | Bailey   | Reached skill level 10 in Dodging
  9328 | Bailey   | Reached skill level 5 in Necromancy
  9328 | Bailey   | Reached XP level 12. HP: 45/74 MP: 5/19
  9620 | D:9      | Found a staircase to the Orcish Mines.
  9710 | D:8      | Killed Erica
  9803 | Lair:1   | Entered Level 1 of the Lair of Beasts
  9965 | Lair:1   | Noticed a six-headed hydra
 10210 | Lair:1   | Reached skill level 5 in Poison Magic
 10247 | Lair:1   | Found a dark tunnel.
 10270 | Volcano  | Entered a volcano
 10730 | Volcano  | Found a burning altar of Makhleb.
 10730 | Volcano  | Noticed a centaur warrior
 10741 | Volcano  | Killed a centaur warrior
 10919 | Volcano  | Noticed a hell knight
 10925 | Volcano  | Killed a hell knight
 11064 | Volcano  | Mangled by a gargoyle

Illustrated notes

Levels and vault maps discovered:
D:1:      heliophobic_arrival_dark_side_of_the_moon, layout_basic,
          shapermc_ecumenical_altar_notcrosses
D:2:      layout_loops_ring
D:3:      layout_basic, nicolae_gozag_zags_fifth_avenue,
          serial_co_window_serial, co_window_paths_b, co_window_paths_a,
          co_window_of_opportunity_a, co_window_corner_a,
          co_window_of_opportunity_a, co_window_unsneaky_path_e,
          co_window_2corner, co_window_corner_cb, co_window_unsneaky_path_e,
          co_window_paths_c, co_window_cross_3, co_window_4corner_b,
          glass_columns_a, serial_shops, shop
D:4:      layout_rooms, gammafunk_temple_overflow_wave,
          kennysheep_generic_room_14, uniq_menkaure
D:5:      dreamdust_elfheim, layout_cave_pools, nicolae_dithmenos_the_darkroom,
          nicolae_hepliaklqana_hippocampus,
          mainiacjoe_overflow_concentric_impassable, uniq_blork_the_orc,
          uniq_grinder
D:6:      layout_cave_pools, zin_purify, nicolae_sif_muna_condensation,
          cheibrodos_worm_habitat, minmay_temple_entry_ruins, uniq_eustachio,
          uniq_prince_ribbit1
D:7:      layout_cave_pools, lemuel_tele_altar, uniq_maggie,
          uniq_crazy_yiuf_cottage, uniq_pikel
D:8:      layout_rooms, nicolae_vehumet_radiance,
          nicolae_qazlal_general_emergency, uniq_erica
D:9:      layout_basic, mainiacjoe_overflow_alcove_2, orc_0_dummy, serial_shops,
          nicolae_square_shop, enter_bailey_3, uniq_erolcha, uniq_grum
Temple:   corrupted_temple
Lair:1:   gammafunk_boulding_lane, layout_big_grid,
          nicolae_volcano_entry_vermiform, infiniplex_staircase_pool_2,
          grunt_megastairs_4
Volcano:  volcano_lake [vl_original]

Skill      XL: |  1  2  3  4  5  6  7  8  9 10 11 12 |
---------------+-------------------------------------+-----
Dodging        | 2 3 4 5 6 7 8 10 | 10.4
Fighting       | 3 4 5 6 7 8 |  8.7
Stealth        | 5 6 7 |  7.2
Spellcasting   | 2 4 |  4.5
Ice Magic      | 2 4 5 6 |  6.0
Short Blades   | 4 6 7 8 |  8.0
Necromancy     | 1 3 5 6 |  6.3
Poison Magic   | 1 3 4 5 |  5.4
Transmutations | 2 3 4 |  4.5
Conjurations   | 3 |  3.7
Throwing       | |  2.0

Action                   |  1- 3 |  4- 6 |  7- 9 | 10-12 || total
-------------------------+-------+-------+-------+-------++-------
Melee: Dagger            |    51 |    72 |   130 |       ||   253
       Kick              |    12 |    15 |    86 |   115 ||   228
       Peck              |     3 |     7 |    57 |    65 ||   132
       Punch             |       |     1 |     2 |     1 ||     4
       Quick blade       |       |       |   142 |   315 ||   457
Throw: Dart              |     6 |     4 |    39 |     3 ||    52
       Throwing net      |       |       |     1 |       ||     1
 Cast: Frozen Ramparts   |       |       |       |     9 ||     9
       Ensorcelled Hiber |       |       |       |     8 ||     8
       Vampiric Draining |       |       |       |     4 ||     4
Invok: Curse Item        |       |       |     1 |       ||     1
Evoke: Wand              |       |     1 |    22 |    31 ||    54
  Use: Scroll            |       |     1 |    11 |     7 ||    19
       Potion            |       |       |     2 |     7 ||     9
 Stab: Sleeping          |     7 |     4 |     1 |     7 ||    19
       Paralysed         |       |     2 |     3 |     3 ||     8
       Distracted        |       |       |     1 |     1 ||     2
Armor: Robe              |     8 |     7 |       |       ||    15
       Ring mail         |       |     6 |    72 |       ||    78
       Swamp dragon scal |       |       |       |    34 ||    34
       Chain mail        |       |       |       |     1 ||     1
Dodge: Dodged            |    27 |    58 |   329 |   200 ||   614

Table legend: (Time is in decaauts)
 A = Elapsed time spent in this place.
 B = Non-inter-level travel time spent in this place.
 C = Inter-level travel time spent in this place.
 D = Time resting spent in this place.
 E = Time spent auto-exploring this place.
 F = Levels seen in this place.
 G = Mean time per level.
                   A        B        C        D        E       F      G
               +--------+--------+--------+--------+--------+-----+--------+
         Total |  10259 |   9990 |    269 |   2877 |   3907 |  13 |  789.2 |
       Dungeon |   8317 |   8060 |    257 |   1864 |   3859 |   9 |  924.1 |
        Temple |     36 |     24 |     12 |      0 |      5 |   1 |   36.0 |
          Lair |    276 |    276 |      0 |     79 |      0 |   1 |  276.0 |
        Bailey |    888 |    888 |      0 |    434 |     43 |   1 |  888.0 |
       Volcano |    739 |    739 |      0 |    500 |      0 |   1 |  739.0 |
               +--------+--------+--------+--------+--------+-----+--------+

Top non-repeatable levels by time:
     D:3: 1457 daAuts
     D:5: 1413 daAuts
     D:7: 1179 daAuts
     D:6: 936 daAuts
  Bailey: 888 daAuts
     D:2: 835 daAuts
     D:4: 809 daAuts
     D:1: 764 daAuts
 Volcano: 739 daAuts
     D:8: 724 daAuts
  Lair:1: 276 daAuts
     D:9: 197 daAuts
  Temple: 36 daAuts
